 Dungeon Crawl Stone Soup version 0.26-a0-466-g989023bd0d (webtiles) character file.

Game seed: 13490131952118338397

4979 1player the Grappler (level 10, -2/102 HPs)
             Began as a Troll Chaos Knight on Aug 14, 2020.
             Was a Plaything of Xom.
             Slain by a guardian serpent (22 damage)
             ... on level 9 of the Dungeon.
             The game lasted 00:17:36 (7093 turns).

1player the Grappler (Troll Chaos Knight)           Turns: 7093, Time: 00:17:37

Health: -2/102     AC:  8    Str: 24    XL:     10   Next: 29%
Magic:  9/9        EV: 12    Int:  8    God:    Xom [.*....]
Gold:   198        SH:  0    Dex: 10    Spells: 9/9 levels left

rFire    . . .     SeeInvis .     - Unarmed
rCold    . . .     Faith    .   (no shield)
rNeg     . . .     Spirit   .   a - +2 robe
rPois    .         Reflect  .   (helmet restricted)
rElec    .         Harm     .   (no cloak)
rCorr    .                      (gloves unavailable)
MR       +....                  (boots unavailable)
Stlth    +.........             e - amulet of magic regeneration
HPRegen  0.67/turn              I - +4 ring of slaying
MPRegen  0.36/turn              p - ring of protection from magic (curse)

@: slowed, lightly drained, very slow
A: large, unfitting armour, claws 3, blurry vision 2, deterioration 1,
regeneration 1, screaming 1, shaggy fur 1, tough skin 3, subdued magic 1
a: Renounce Religion


You were on level 9 of the Dungeon.
You worshipped Xom.
You were a plaything of Xom.
You visited 1 branch of the dungeon, and saw 9 of its levels.
You also visited: Sewer.

You collected 421 gold pieces.
You spent 223 gold pieces at shops.

Inventory:

Missiles
 y - 4 atropa-tipped darts (quivered)
 D - 3 large rocks
 H - 2 throwing nets
 J - 6 javelins
Armour
 a - a +2 robe (worn)
Jewellery
 e - an amulet of magic regeneration (around neck)
 o - a +4 ring of evasion
 p - a cursed ring of protection from magic (right claw)
 I - a +4 ring of slaying (left claw)
Wands
 F - a wand of acid (6)
Scrolls
 d - 10 scrolls of remove curse {@r2}
 h - 5 scrolls of teleportation
 w - a scroll of enchant weapon
 A - a scroll of amnesia
 M - a scroll of fog
 N - 5 scrolls of blinking
 O - a scroll of identify {@r1}
Potions
 f - 3 potions of lignification
 g - a potion of ambrosia {unknown}
 i - 4 potions of curing {@q1}
 j - 4 potions of flight
 k - 4 potions of brilliance
 m - a potion of cancellation {unknown}
 q - a potion of haste
 B - 3 potions of heal wounds {unknown}
 K - a potion of invisibility {unknown}
 L - 4 potions of magic


   Skills:
 - Level 7.3(6.9) Fighting
 * Level 3.4(3.0) Throwing
 + Level 7.5(7.1) Dodging
 + Level 9.2(8.8) Unarmed Combat


You had 9 spell levels left.
You didn't know any spells.
Your spell library contained the following spells:

 Spells                   Type           Power        Failure   Level
 Animate Skeleton         Necr           #.....       36%         1
 Apportation              Tloc           #.....       36%         1
 Corona                   Hex            #......      36%         1
 Magic Dart               Conj           #...         36%         1
 Summon Small Mammal      Summ           #...         36%         1
 Blink                    Tloc           N/A          50%         2
 Call Imp                 Summ           #.......     50%         2
 Slow                     Hex            #.......     50%         2
 Conjure Flame            Conj/Fire      #.......     75%         3
 Mephitic Cloud           Conj/Pois/Air  #.......     75%         3


Dungeon Overview and Level Annotations

Branches:
Dungeon (9/15)             Temple (0/1) D:7           Sewer (visited)
   Lair: D:8-11         Orc: D:9-12

Altars:
Ashenzari
Cheibriados
Elyvilon
Gozag
Nemelex Xobeh
Qazlal
Vehumet
Wu Jian
Xom
The Shining One

Shops:
D:5 }*   D:6 (   D:8 ?[=?

Annotations:
D:4 exclusion: statue


Innate Abilities, Weirdness & Mutations

You are too large for most types of armour.
You have claws for hands.
Your natural rate of healing is unusually fast.
You are covered in fur. (AC +1)
You have extremely tough skin. (AC +3)
Scrolls take you longer to read.
Your body sometimes deteriorates upon taking damage.
You occasionally shout uncontrollably at your foes.
Your spells are a little easier to cast, but a little less powerful.


Message History

Evoke which item? (* to show all) (? for menu, Esc to quit)
Aiming: Corrosive Bolt
Press: ? - help, Shift-Dir - straight line, f/p - guardian serpent
Aim: a guardian serpent (moderately wounded, covered in acid)
The bolt of acid misses the guardian serpent.
The bolt of acid hits the yak!
The yak is splashed with acid.
The yak is heavily wounded.
The guardian serpent hits you! The guardian serpent hits you.
The yak gores you but does no damage.
You barely miss the guardian serpent.
The guardian serpent is moderately wounded.
The guardian serpent hits you! The yak gores you!
The guardian serpent hits you!!
You claw the guardian serpent!
The guardian serpent is severely wounded.
The guardian serpent hits you!
* * * LOW HITPOINT WARNING * * *
The yak barely misses you. The guardian serpent hits you!!
You die...
Xom cackles wildly!

.....<. .......# .......
...... ......# ..##...
#.....##.....#
..#########.....##.....#
.........##.....##.....#
..........#.....#(.....#
..........#.....#Y.....#
..........#.....#S.....#
..##.....##.....@YY...######
..##.....##.....##.)..##...##
####......+.....##)...##....#
....)....##.....##..).#.....#
.........##.....##....#.....#
..........#......#....#.....#
..##......#......#....#.....#
## #......+......#....#.....#
#......#......#....##...##


You could see a guardian serpent (corroded) and 3 yaks.

Vanquished Creatures
  A cyclops (D:7)
  A hippogriff (D:7)
  Grinder (D:4)
  Prince Ribbit (D:8)
  A hippogriff (shapeshifter) (D:7)
  4 yaks
  A wyvern (D:9)
  Menkaure (D:4)
  2 orc warriors
  2 sky beasts
  A phantom (D:4)
  4 black bears
  5 ogres
  A centaur (D:5)
  A crocodile (D:9)
  A big kobold (Sewer)
  4 scorpions
  6 wights
  3 hounds
  A bullfrog zombie (D:7)
  3 jellies
  A centaur skeleton (D:7)
  3 orc priests
  A bullfrog skeleton (D:9)
  2 iguanas
  3 orc wizards
  8 worker ants
  2 worker ant zombies
  9 adders
  4 gnolls (D:3)
  2 howler monkey skeletons
  A river rat (Sewer)
  3 shadow imps
  2 white imps
  2 ufetubi
  An ooze (D:4)
  2 adder skeletons
  A worm (D:3)
  2 dart slugs
  12 orcs
  4 ball pythons
  6 bats
  9 goblins
  8 hobgoblins
  13 jackals
  A quokka (D:3)
  6 frilled lizards
  10 kobolds
  A quokka zombie (D:8)
  14 rats
178 creatures vanquished.

Vanquished Creatures (collateral kills)
  A yak (D:6)
  A centaur (D:8)
  2 kobolds (Sewer)
4 creatures vanquished.

Vanquished Creatures (others)
  A yak (D:6)
1 creature vanquished.

Grand Total: 183 creatures vanquished

Notes
Turn   | Place    | Note
-------+----------+-------------------------------------------
     0 | D:1      | 1player the Troll Chaos Knight began the quest for the Orb.
     0 | D:1      | Reached XP level 1. HP: 22/22 MP: 0/0
    86 | D:1      | Reached XP level 2. HP: 29/29 MP: 1/1
   160 | D:1      | XOM: silly message
   227 | D:1      | XOM: divination: detect items
   347 | D:1      | XOM: divination: detect items
   494 | D:2      | XOM: silly message
   496 | D:2      | Reached XP level 3. HP: 36/36 MP: 2/2
   498 | D:2      | Reached XP level 4. HP: 43/45 MP: 3/3
   499 | D:2      | XOM: smoke on damage
   787 | D:2      | Found an ornate altar of the Wu Jian Council.
   787 | D:2      | Found a shimmering altar of Xom.
   788 | D:2      | Found a stormy altar of Qazlal.
  1171 | D:3      | Reached skill level 4 in Unarmed Combat
  1185 | D:3      | XOM: potion effect (brilliance)
  1192 | D:3      | XOM: 5-stop teleportation journey
  1194 | D:3      | Found a glowing drain.
  1202 | Sewer    | Entered a sewer
  1208 | Sewer    | Reached XP level 5. HP: 34/53 MP: 4/4
  1299 | Sewer    | XOM: cast spell 'Death Channel'
  1310 | Sewer    | XOM: summons 1 hostile demon
  1343 | Sewer    | Found a white marble altar of Elyvilon.
  1444 | D:3      | XOM: 1-stop teleportation journey
  1579 | D:3      | XOM: draining
  1706 | D:3      | XOM: give mutations
  1706 | D:3      | Gained mutation: Scrolls take you a little longer to read.
                  | [Xom's mischief]
  1706 | D:3      | Gained mutation: Scrolls take you longer to read. [Xom's
                  | mischief]
  1706 | D:3      | Gained mutation: Your spells are a little easier to cast,
                  | but a little less powerful. [Xom's mischief]
  1709 | D:3      | Reached XP level 6. HP: 62/62 MP: 5/5
  1980 | D:3      | XOM: give mutation
  1980 | D:3      | Gained mutation: Your body sometimes deteriorates upon
                  | taking damage. [Xom's mischief]
  2004 | D:4      | Noticed Grinder
  2164 | D:4      | Got a jewelled hunting sling
  2189 | D:4      | XOM: draining
  2193 | D:4      | XOM: summons friendly shadow imp
  2196 | D:4      | XOM: potion effect (stabbing)
  2204 | D:4      | Reached skill level 5 in Unarmed Combat
  2209 | D:4      | XOM: scenery: 1 doors open
  2301 | D:4      | Noticed Menkaure
  2356 | D:4      | XOM: enchant monster (good)
  2487 | D:4      | Found a radiant altar of Vehumet.
  2571 | D:4      | XOM: torment (24/62 hp)
  2572 | D:4      | XOM: 2-stop teleportation journey
  2586 | D:4      | Reached XP level 7. HP: 33/70 MP: 6/6
  2670 | D:4      | Paralysed by Grinder for 3 turns
  2680 | D:4      | Paralysed by Grinder for 2 turns
  2725 | D:4      | Killed Grinder
  2831 | D:4      | XOM: give mutation
  2831 | D:4      | Gained mutation: You occasionally shout uncontrollably at
                  | your foes. [Xom's mischief]
  3009 | D:4      | XOM: noise
  3012 | D:4      | Killed Menkaure
  3012 | D:4      | Reached skill level 5 in Fighting
  3012 | D:4      | Reached skill level 6 in Unarmed Combat
  3158 | D:5      | Entered Level 5 of the Dungeon
  3243 | D:4      | XOM: polymorph orc warrior -> sky beast
  3245 | D:4      | Reached XP level 8. HP: 80/80 MP: 7/7
  3368 | D:5      | Reached skill level 5 in Dodging
  3425 | D:5      | Found Zuxtahob's Gadget Boutique.
  3509 | D:5      | XOM: noise
  3611 | D:5      | Found an opulent altar of Gozag.
  3615 | D:5      | Found Gozag's Platinum Reserve.
  3764 | D:6      | XOM is BORED!
  3819 | D:6      | Got a polished broad axe
  3842 | D:6      | Found a snail-covered altar of Cheibriados.
  3870 | D:6      | XOM: scenery: 1 doors close
  3979 | D:6      | Identified the +6 broad axe of the Devouring Whale {pain,
                  | +Inv} (You found it on level 6 of the Dungeon)
  4042 | D:6      | Found Cuceuloi's Antique Weapon Boutique.
  4254 | D:6      | Found a glowing golden altar of the Shining One.
  4540 | D:6      | XOM: cast spell 'Death Channel'
  4755 | D:6      | XOM: cloud trail
  4791 | D:7      | Noticed a hippogriff
  4795 | D:7      | XOM: smoke on damage
  4798 | D:7      | Reached skill level 7 in Unarmed Combat
  4804 | D:7      | XOM: fake destruction
  4819 | D:7      | Killed a hippogriff
  4865 | D:7      | XOM: fog
  4866 | D:6      | XOM: fog
  4869 | D:6      | XOM: divination: detect creatures
  4870 | D:6      | XOM: scenery: 1 doors close
  4871 | D:6      | XOM: enchant monster (good)
  4874 | D:6      | Reached XP level 9. HP: 66/89 MP: 8/8
  4874 | D:6      | XOM: divine lightning
  5028 | D:6      | XOM: summons 9 friendly demons
  5099 | D:6      | XOM: 2-stop teleportation journey
  5127 | D:6      | XOM: cloud trail
  5158 | D:7      | XOM: silly message
  5175 | D:7      | Reached skill level 8 in Unarmed Combat
  5292 | D:7      | Noticed a cyclops
  5314 | D:7      | Killed a cyclops
  5387 | D:7      | Found a staircase to the Ecumenical Temple.
  5476 | D:7      | Found a shattered altar of Ashenzari.
  5516 | D:7      | Found the +6 arbalest "Damnation" {damnation}
  5629 | D:7      | Found a sparkling altar of Nemelex Xobeh.
  5736 | D:7      | Found a white marble altar of Elyvilon.
  5931 | D:8      | Found Koarre's Magic Scroll Emporium.
  5973 | D:8      | Found Ywkampi's Jewellery Shop.
  5975 | D:8      | XOM: noise
  6021 | D:8      | Noticed Prince Ribbit
  6023 | D:8      | XOM: enchant monster (bad)
  6027 | D:8      | XOM: silly message
  6029 | D:8      | XOM: divination: detect items
  6033 | D:8      | Killed Prince Ribbit
  6033 | D:8      | Reached skill level 1 in Throwing
  6182 | D:8      | Found Kocw's Antique Armour Shoppe.
  6199 | D:8      | XOM: enchant monster (good)
  6207 | D:8      | Reached XP level 10. HP: 92/102 MP: 9/9
  6329 | D:8      | XOM: polymorph adder -> hound
  6422 | D:8      | Reached skill level 9 in Unarmed Combat
  6436 | D:8      | Found Vytwoz's Magic Scroll Shop.
  6568 | D:8      | Bought a scroll of fog for 28 gold pieces
  6644 | D:8      | Bought 2 scrolls of blinking for 195 gold pieces
  6846 | D:9      | XOM: cast spell 'Chain of Chaos'
  6891 | D:9      | XOM: silly message
  7018 | D:9      | XOM: 1-stop teleportation journey
  7081 | D:9      | Noticed a guardian serpent
  7081 | D:9      | a yak changed into a guardian serpent
  7081 | D:9      | XOM: polymorph yak -> guardian serpent
  7093 | D:9      | Slain by a guardian serpent

Illustrated notes

Levels and vault maps discovered:
D:1:      lightli_arrival_statuegarden, layout_rooms
D:2:      layout_loops_ring, gammafunk_temple_overflow_forgotten
D:3:      layout_basic, serial_rivers, chequers_serial_rivers_room_a,
          chequers_serial_rivers_room_b, chequers_serial_rivers_room_b,
          chequers_serial_rivers_micro_d, cheibrodos_sewer_entry_sluice
D:4:      layout_basic, vehumet_statue, uniq_grinder, uniq_menkaure
D:5:      layout_cave_pools, nicolae_gozag_zags_fifth_avenue, serial_shops, shop
D:6:      layout_gridville, old_standard_altar, lemuel_round_altar,
          serial_shops, shop, palyth_stone_intersect
D:7:      layout_rooms, evilmike_ruin_ashenzari, kennysheep_mini_moat,
          minmay_temple_entry_arrows, nemelex_altar_shiori
D:8:      layout_loops_cross, serial_shops, nicolae_shop_statue_plus, shop,
          nicolae_shop_window_shopping, nicolae_shop_behind_doors,
          uniq_prince_ribbit1
D:9:      layout_gridville, kennysheep_orc_monster_closet_entryway

Skill      XL: |  1  2  3  4  5  6  7  8  9 10 |
---------------+-------------------------------+-----
Dodging        | 2 3 4 5 7 |  7.5
Fighting       | 3 4 5 6 7 |  7.3
Unarmed Combat | 4 5 6 7 8 9 |  9.2
Throwing       | 1 3 |  3.4

Action                   |  1- 3 |  4- 6 |  7- 9 | 10-12 || total
-------------------------+-------+-------+-------+-------++-------
Melee: Unarmed           |    62 |   182 |   283 |    73 ||   600
       Punch             |     1 |     3 |     7 |     1 ||    12
Evoke: Wand              |       |       |       |     3 ||     3
  Use: Scroll            |     2 |     4 |     9 |       ||    15
       Potion            |       |     1 |     1 |       ||     2
 Stab: Sleeping          |       |     1 |       |       ||     1
       Petrified         |       |       |    19 |       ||    19
       Distracted        |       |       |     1 |       ||     1
Armor: Robe              |    20 |    84 |    75 |    23 ||   202
Dodge: Dodged            |    31 |   114 |   230 |    52 ||   427

Table legend: (Time is in decaauts)
 A = Elapsed time spent in this place.
 B = Non-inter-level travel time spent in this place.
 C = Inter-level travel time spent in this place.
 D = Time resting spent in this place.
 E = Time spent auto-exploring this place.
 F = Levels seen in this place.
 G = Mean time per level.
                   A        B        C        D        E       F      G
               +--------+--------+--------+--------+--------+-----+--------+
         Total |   7047 |   6636 |    411 |    883 |   4288 |  10 |  704.7 |
       Dungeon |   6836 |   6425 |    411 |    854 |   4184 |   9 |  759.6 |
         Sewer |    211 |    211 |      0 |     29 |    104 |   1 |  211.0 |
               +--------+--------+--------+--------+--------+-----+--------+

Top non-repeatable levels by time:
     D:6: 1236 daAuts
     D:4: 1134 daAuts
     D:8: 858 daAuts
     D:7: 785 daAuts
     D:3: 771 daAuts
     D:2: 707 daAuts
     D:5: 499 daAuts
     D:9: 427 daAuts
     D:1: 414 daAuts
   Sewer: 211 daAuts
